Map: Whispers of Gold

Players

HackySack

  • Race: Zerg Zerg
  • League: Platinum
  • Spawn Location: 9:00

wootwoot - Winner!

  • Race: Terran Terran
  • League: Platinum
  • Spawn Location: 5:00

VOD

Have the link to the VOD?

Description

Time

  • Played on: April 21, 2025, 3:28 p.m.
  • Length: 5:16
Show
View Real Time Build Order
Export as new Build Order

HackySack Zerg 

Build Orders: Hatch First 

Get SALT Encoding   

  12  0:05  Drone  
  13  0:10  Drone  
  14  0:18  Overlord  
  14  0:37  Drone  
  14  0:38  Drone  
  14  0:39  Drone  
  17  0:58  Hatchery  
  16  1:18  Spawning Pool  
  16  1:20  Drone x2, Extractor  
  16  1:42  Overlord  
  16  2:08  Zergling x6  
  18  2:13  Spine Crawler  
  18  2:14  Drone  
  19  2:22  Queen  
  19  2:27  Spine Crawler  
  19  2:36  Queen  
  20  2:44  Zergling x4  
  20  2:49  Zergling x2  
  20  3:08  Metabolic Boost  
  17  3:17  Zergling x4  
  17  3:22  Extractor  
  16  3:32  Zergling x6  
  18  3:45  Zergling x6  
  21  3:54  Zergling x4  
  16  4:10  Drone  
  16  4:11  Drone  
  16  4:14  Spore Crawler  
  16  4:16  Zergling x4  
  17  4:28  Zergling x4  
  17  4:41  Drone  
  17  4:42  Drone  
Show
View Real Time Build Order
Export as new Build Order

wootwoot Terran - Winner!

Build Orders:  

Get SALT Encoding   

  12  0:00  SCV  
  13  0:12  SCV  
  14  0:22  Supply Depot  
  14  0:24  SCV  
  15  0:31  Refinery  
  15  0:44  SCV  
  16  0:51  Barracks  
  16  1:06  Barracks  
  16  1:21  Barracks  
  16  1:38  Reaper  
  17  1:42  Refinery  
  17  1:53  Reaper  
  18  1:57  Orbital Command  
  18  2:09  Reaper  
  18  2:10  Reaper  
  20  2:25  Reaper  
  21  2:42  Supply Depot, Reaper  
  22  2:44  Reaper  
  23  3:03  SCV, Reaper  
  25  3:14  Reaper  
  25  3:16  SCV, Reaper  
  28  3:28  SCV  
  29  3:36  Reaper  
  30  3:44  Supply Depot  
  30  3:45  SCV  
  31  3:57  Supply Depot  
  31  3:58  Reaper  
  31  4:05  SCV  
  34  4:18  SCV  
  36  4:31  Barracks Tech Lab x2  
  36  4:32  Barracks Tech Lab  
  36  4:33  SCV  
  34  4:42  Supply Depot  
  34  4:52  Marauder x3  
  39  4:55  SCV  
  40  5:13  Supply Depot  
Tags
 
Add a new tag
Caveats
  • Supply blocks, unpowered buildings, or Contaminate may cause inaccurate times.
  • Supply counts are checked every 10 seconds.